 Dungeon Crawl Stone Soup version 0.26.0-45-g9c1d065592 (webtiles) character file.

Game seed: 18398311416798126812

(classic levelgen) 101 thiole the Magician (level 4, -2/29 HPs)
             Began as an Octopode Hedge Wizard on Jan 28, 2021.
             Slain by a river rat (8 damage)
             ... in a sewer.
             The game lasted 00:08:13 (2873 turns).

thiole the Magician (Octopode Hedge Wizard)         Turns: 2873, Time: 00:08:14

Health: -2/29      AC:  1    Str:  9    XL:     4   Next: 75%
Magic:  3/8        EV: 13    Int: 17    God:
Gold:   106        SH:  0    Dex: 11    Spells: 3/9 levels left

rFire    . . .     SeeInvis .   k - +0 hand axe (vorpal)
rCold    . . .     Faith    .   (no shield)
rNeg     . . .     Spirit   .   b - +0 hat
rPois    .         Reflect  .   (no amulet)
rElec    .         Harm     .   (no ring)
rCorr    .         Rampage  .   (no ring)
Will     .....                  (no ring)
Stlth    +++.......             (no ring)
HPRegen  0.09/turn              (no ring)
MPRegen  0.11/turn              (no ring)
                                (no ring)
                                (no ring)

@: very slightly contaminated
A: almost no armour, stealthy swim, amphibious, 8 rings, constrict 8, camouflage
1, gelatinous body 1
a: no special abilities


You were in a sewer.
You visited 1 branch of the dungeon, and saw 3 of its levels.
You also visited: Sewer.

You collected 106 gold pieces.

Inventory:

Hand Weapons
 a - a +0 dagger
 k - a +0 vorpal hand axe (weapon)
Armour
 b - a +0 hat (worn)
Jewellery
 h - a +4 ring of evasion {unknown}
Scrolls
 c - 2 scrolls of magic mapping {unknown}
 d - 4 scrolls of identify {unknown}
 f - 2 scrolls of immolation {unknown}
 g - a scroll of enchant armour {unknown}
 i - 2 scrolls of teleportation {unknown}
 j - a scroll of noise {unknown}
 l - a scroll of fog {unknown}
Potions
 e - a potion of flight


   Skills:
 - Level 2.0 Fighting
 - Level 2.0 Dodging
 - Level 3.0 Stealth
 - Level 3.0 Spellcasting
 - Level 1.0 Conjurations
 - Level 2.0 Summonings
 - Level 1.0 Translocations
 + Level 2.2 Air Magic
 - Level 2.0 Poison Magic


You had 3 spell levels left.
You knew the following spells:

 Your Spells              Type           Power        Failure   Level
a - Magic Dart            Conj           20%          12%         1
b - Call Imp              Summ           9%           12%         2
c - Mephitic Cloud        Conj/Pois/Air  8%           26%         3

Your spell library contained the following spells:

 Spells                   Type           Power        Failure   Level
 Blink                    Tloc           N/A          17%         2
 Slow                     Hex            2%           26%         2
 Conjure Flame            Conj/Fire      4%           38%         3


Dungeon Overview and Level Annotations

Branches:
Dungeon (3/15)              Sewer (1/1)

Altars:
Dithmenos

Annotations:
D:3 Grinder, Sigmund


Innate Abilities, Weirdness & Mutations

You cannot wear most types of armour.
You are very stealthy in the water. (Stealth+)
You are amphibious.
You can wear up to eight rings at the same time.
You can use your tentacles to constrict eight enemies at once.
Your skin changes colour to match your surroundings (Stealth+).
Your rubbery body absorbs attacks. (AC +1, EV +1)


Message History

You constrict the river rat. The river rat bites you!
* * * LOW HITPOINT WARNING * * *
The river rat closely misses you. The river rat barely misses you.
You hit the river rat but do no damage.
The river rat is lightly wounded.
You hit the river rat but do no damage. You constrict the river rat.
The river rat bites you.
* * * LOW HITPOINT WARNING * * *
The river rat closely misses you.
You hit the river rat.
The river rat is heavily wounded.
You closely miss the river rat.
You constrict the river rat, but do no damage.
The river rat barely misses you. x2
You hit the river rat but do no damage.
The river rat is heavily wounded.
You barely miss the river rat.
You constrict the river rat, but do no damage.
The river rat bites you!
You die... ################ #....∩rr@rr...≈≈ ################

You could see 2 river rats and 2 rats.

Vanquished Creatures
  An adder (D:3)
  2 oozes
  A worm (D:2)
  A dart slug (D:1)
  2 leopard geckos (D:1)
  4 giant cockroaches
  2 goblins (D:1)
  6 hobgoblins
  7 jackals (D:1)
  A ball python (D:1)
  6 bats
  8 frilled lizards
  4 kobolds (D:1)
  6 rats
51 creatures vanquished.

Vanquished Creatures (collateral kills)
  3 adders
  A worm (D:2)
  A goblin (D:3)
  A hobgoblin (D:2)
6 creatures vanquished.

Vanquished Creatures (others)
  10 plants (D:1)
10 creatures vanquished.

Grand Total: 67 creatures vanquished

Notes
Turn   | Place    | Note
-------+----------+-------------------------------------------
     0 | D:1      | thiole the Octopode Hedge Wizard began the quest for the
                  | Orb.
     0 | D:1      | Reached XP level 1. HP: 11/11 MP: 4/4
   185 | D:1      | Reached skill level 1 in Fighting
   248 | D:1      | Reached XP level 2. HP: 18/18 MP: 1/6
   976 | D:1      | Reached XP level 3. HP: 24/24 MP: 3/7
  1055 | D:1      | Learned a level 2 spell: Call Imp
  1059 | D:1      | Learned a level 3 spell: Mephitic Cloud
  1539 | D:2      | Reached skill level 1 in Poison Magic
  1653 | D:2      | Reached skill level 1 in Air Magic
  1822 | D:2      | Reached XP level 4. HP: 29/29 MP: 5/8
  2469 | D:3      | Noticed Sigmund
  2630 | D:3      | Noticed Grinder
  2635 | D:3      | Paralysed by Grinder for 6 turns
  2710 | D:3      | Found a shadowy altar of Dithmenos.
  2860 | D:3      | Found a glowing drain.
  2864 | Sewer    | Entered a sewer
  2873 | Sewer    | Slain by a river rat

Illustrated notes

Levels and vault maps discovered:
D:1:      saegor_arrival_simple_e, layout_loops_cross, serial_bayou,
          serial_bayou_crossing, serial_bayou_pond_a, serial_bayou_pond_d,
          serial_bayou_lake_a, serial_bayou_pond_d
D:2:      layout_loops_cross
D:3:      layout_loops_ring, nicolae_dithmenos_shadow_blocks,
          gammafunk_temple_overflow_elements, gup_sewer_entry_bowl,
          chequers_garden, uniq_sigmund, uniq_grinder
Sewer:    sewer_kobolds

Skill      XL: |  1  2  3  4 |
---------------+-------------+-----
Fighting       | 1 2 |  2.0
Stealth        | 3 |  3.0
Summonings     | 2 |  2.0
Poison Magic   | 1 2 |  2.0
Air Magic      | 1 2 |  2.2
Dodging        | |  2.0
Spellcasting   | |  3.0
Conjurations   | |  1.0
Translocations | |  1.0

Action                   |  1- 3 |  4- 6 || total
-------------------------+-------+-------++-------
Melee: Dagger            |    44 |    29 ||    73
       Tentacles         |     8 |     5 ||    13
       Constrict         |    12 |     4 ||    16
       Hand axe          |       |     5 ||     5
 Cast: Magic Dart        |    72 |    25 ||    97
       Call Imp          |     3 |     6 ||     9
  Use: Potion            |       |     1 ||     1
 Stab: Sleeping          |       |     5 ||     5
Armor: Skin              |     4 |     2 ||     6
Dodge: Dodged            |    28 |    19 ||    47
